 Dungeon Crawl Stone Soup version 0.27-a0-1196-g3e9cee4cb2 (webtiles) character file.

Game seed: 2201553746825007396

458 quinnr the Sneak (level 7, -4/64 HPs)
             Began as an Octopode Earth Elementalist on May 28, 2021.
             Splashed by Ijyb's acid (9 damage)
             ... on level 4 of the Dungeon.
             The game lasted 00:21:36 (4146 turns).

quinnr the Sneak (Octopode Earth Elementalist)      Turns: 4146, Time: 00:21:36

Health: -4/64      AC: 23    Str:  7    XL:     7   Next: 6%
Magic:  10/11      EV:  2    Int: 17    God:
Gold:   258        SH:  0    Dex: 15    Spells: 5/12 levels left

rFire    . . .     SeeInvis .   a - +1 hunting sling (freeze)
rCold    . . .     Faith    .   (no shield)
rNeg     + + +     Spirit   .   (helmet currently unavailable)
rPois    +         Reflect  .   l - amulet of regeneration
rElec    .         Harm     .   k - ring of flight
rCorr    .         Rampage  .   (no ring)
Will     .....     NoTele   +   (no ring)
Stlth    +++.......             (no ring)
HPRegen  1.20/turn              (no ring)
MPRegen  0.12/turn              (no ring)
                                (no ring)
                                (no ring)

@: tree-form
A: stationary, stasis, torment immunity, boosted hp, almost no armour,
(amphibious), 8 rings, (camouflage 1), (gelatinous body 1), (nimble swimmer 1),
(tentacles), evolution 1
a: no special abilities


You were on level 4 of the Dungeon.
You were a tree.
You visited 1 branch of the dungeon, and saw 4 of its levels.

You collected 297 gold pieces.
You spent 39 gold pieces at shops.

Inventory:

Hand Weapons
 a - a +1 hunting sling of freezing (weapon)
Missiles
 b - 108 stones
 c - 56 sling bullets (quivered ammo)
 j - 19 poisoned darts
Jewellery
 k - a ring of flight (left branch)
 l - an amulet of regeneration (around neck)
Scrolls
 d - a scroll of teleportation {unknown}
 f - a scroll of blinking {unknown}
 g - a scroll of acquirement {unknown}
 m - a scroll of magic mapping


   Skills:
 - Level 1.5 Fighting
 - Level 3.0 Slings
 - Level 3.0 Dodging
 - Level 6.0 Stealth
 - Level 0.8 Unarmed Combat
 - Level 3.0 Spellcasting
 + Level 0.0 Hexes
 - Level 3.0 Transmutations
 - Level 3.0 Earth Magic


You had 5 spell levels left.
You knew the following spells:

 Your Spells              Type           Power      Damage    Failure   Level
a - Sandblast             Erth           24%        2d8       4%          1
b - Petrify               Tmut/Erth      12%        N/A       45%         4
c - Slow                  Hex            2%         N/A       26%         2

Your spell library contained the following spells:

 Spells                   Type           Power      Damage    Failure   Level
 Passwall                 Tmut/Erth      10%        N/A       8%          2
 Magic Dart               Conj           8%         1d3       17%         1
 Blink                    Tloc           N/A        N/A       26%         2
 Call Imp                 Summ           2%         N/A       26%         2
 Stone Arrow              Conj/Erth      14%        3d7       28%         3
 Conjure Flame            Conj/Fire      2%         6-21      45%         3
 Mephitic Cloud           Conj/Pois/Air  2%         N/A       45%         3
 Lee's Rapid Deconstruct  Erth           6%         3d7*      80%         5


Dungeon Overview and Level Annotations

Branches:
Dungeon (4/15)
 Temple: D:4-7

Altars:

Shops:
D:1 *   D:4 [

Annotations:
D:4 Ijyb


Innate Abilities, Weirdness & Mutations

You are a tree.
Your roots penetrate the ground, keeping you stationary.
You cannot be teleported.
You are immune to unholy pain and torment.
Your maximum health is greatly increased.
Your equipment is partially melded.
You cannot wear most types of armour.
((You are amphibious.))
You can wear up to eight rings at the same time.
((Your skin changes colour to match your surroundings (Stealth+).))
((Your rubbery body absorbs attacks. (AC +1, EV +1)))
((You are camouflaged near water. (Stealth+)))
((You have tentacles for arms and can constrict up to eight enemies at once.))
You evolve.


Message History

Really quaff the potion of lignification?
You turn into a tree.
Your roots penetrate the ground.
Fire: 58 sling bullets
Press: ? - help, Q - select action, (/) - cycle Shift-Dir - straight line, f/p - Ijyb
Aim: Ijyb, wielding a +0 dagger, wearing a +0 leather armour and carrying a wand of acid (4) (lightly wounded, 53% to hit)
Okay, then.
Unknown command.
It was a potion of mutation.
You feel extremely strange.
You feel nature experimenting on you.
Don't worry, failures die fast.
Ijyb zaps a wand.
The bolt of acid hits you.
* * * LOW HITPOINT WARNING * * *
You are splashed with acid!
* * * LOW HITPOINT WARNING * * *
Unknown command.
You aren't carrying any potions.
Unknown command.
As you read the scroll of fog, it crumbles to dust.
The scroll dissolves into smoke.
You aren't carrying any potions.
As you read the scroll labelled CUMAIXZOCUU, it crumbles to dust.
You speak a Word of immense power!
It was a scroll of holy word.
Ijyb hits you but does no damage.
Fire: 58 sling bullets
Press: ? - help, Q - select action, (/) - cycle Shift-Dir - straight line, f/p - Ijyb
Aim: Ijyb, wielding a +0 dagger, wearing a +0 leather armour and carrying a wand of acid (3) (purple smoke, lightly wounded, 53% to hit)
You shoot a sling bullet. The sling bullet hits Ijyb.
The sling bullet freezes Ijyb.
Ijyb is moderately wounded.
Ijyb hits you with a +0 dagger.
* * * LOW HITPOINT WARNING * * *
Fire: 57 sling bullets
Press: ? - help, Q - select action, (/) - cycle Shift-Dir - straight line, f/p - Ijyb
Aim: Ijyb, wielding a +0 dagger, wearing a +0 leather armour and carrying a wand of acid (3) (purple smoke, moderately wounded, 53% to hit)
You shoot a sling bullet. The sling bullet hits Ijyb.
The sling bullet freezes Ijyb.
Ijyb is moderately wounded.
Ijyb zaps a wand.
The bolt of acid hits you but does no damage.
You are splashed with acid!
You die...

*######* *#.(.(..#*
*#........#*
*.........§*
#####*......P.§.*######
....##.....P∩.§g##§...#
..)...........§§♣§§...#
....##........§§#§§...#
#######.....(.§##§§...#
.....#......<...#.#####
####.(>.........#.#
#...(.(........#
#.....(.......##
###...........##
##...#.........#


You could see Ijyb.

Vanquished Creatures
  A necrophage (D:3)
  2 phantoms (D:3)
  2 hounds (D:4)
  A scorpion zombie (D:4)
  3 adders
  An ufetubus (D:4)
  An orc (D:3)
  4 ball pythons
  8 endoplasms
  5 giant cockroaches
  11 goblins
  6 hobgoblins
  14 jackals
  5 kobolds
  11 quokkas
  5 bats
  2 frilled lizards (D:2)
  9 rats
91 creatures vanquished.

Vanquished Creatures (others)
  4 plants (D:4)
4 creatures vanquished.

Grand Total: 95 creatures vanquished

Notes
Turn   | Place    | Note
-------+----------+-------------------------------------------
     0 | D:1      | quinnr the Octopode Earth Elementalist began the quest for
                  | the Orb.
     0 | D:1      | Reached XP level 1. HP: 11/11 MP: 3/3
   230 | D:1      | Reached skill level 1 in Fighting
   230 | D:1      | Reached XP level 2. HP: 18/18 MP: 5/5
   295 | D:1      | Reached skill level 1 in Slings
   821 | D:1      | quinnr: passrock??
   821 | D:1      | quinnr: ??passrock
   821 | D:1      | beem: I don't have a page labeled passrock in my learndb.
   821 | D:1      | quinnr: ??passwall
   821 | D:1      | beem: passwall[1/4]: Allows passing through diggable
                  | wall/statues with a free turn (useful for guaranteed
                  | stabbing) on the other side. Delay before passing is
                  | 2+distance turns and is not stopped if attacked. Range is
                  | 1-13 based on earth/spell power; guaranteed minimum is
                  | 1+earth/8 tiles (max of 4, at skill 24). In 0.15, range is
                  | based purely on spellpower.
   821 | D:1      | quinnr: ??passwall[s
   821 | D:1      | beem: passwall[1/4]: Allows passing through diggable
                  | wall/statues with a free turn (useful for guaranteed
                  | stabbing) on the other side. Delay before passing is
                  | 2+distance turns and is not stopped if attacked. Range is
                  | 1-13 based on earth/spell power; guaranteed minimum is
                  | 1+earth/8 tiles (max of 4, at skill 24). In 0.15, range is
                  | based purely on spellpower.
   821 | D:1      | quinnr: ??passwall[2
   821 | D:1      | beem: passwall[2/4]: You begin to meditate on the wall. You
                  | continue meditating on the rock. (x3) You finish merging
                  | with the rock. You fall into the water! You drown... Your
                  | meditation is interrupted.
   821 | D:1      | quinnr: ??passwall[3
   821 | D:1      | beem: passwall[3/4]: Passwall fails if you would end up in
                  | lava or deep water (unless you can survive in these
                  | enviroments).
   821 | D:1      | quinnr: ??passwall[4
   821 | D:1      | beem: passwall[4/4]: You begin to meditate on the wall. You
                  | continue meditating on the rock. You continue meditating on
                  | the rock. You finish merging with the rock. You die...
                  | Fedhas appreciates your contribution to the ecosystem.
   846 | D:1      | Reached XP level 3. HP: 23/23 MP: 6/6
  1226 | D:1      | Found Diubbom's Assorted Antiques.
  1234 | D:1      | Bought a scroll labelled QUZUID OZUSEMU for 21 gold pieces
  1234 | D:1      | Bought a murky emerald potion for 18 gold pieces
  1609 | D:2      | Reached XP level 4. HP: 28/28 MP: 4/7
  1667 | D:2      | Learned a level 4 spell: Petrify
  1694 | D:2      | Found a faded altar of an unknown god.
  2008 | D:2      | Reached skill level 3 in Stealth
  2743 | D:3      | quinnr: ??petrify
  2743 | D:3      | beem: petrify[1/5]: Turns the target to stone after a brief
                  | period of slowness. While it's petrified it takes a lot
                  | less damage but can't do anything. Lv. 4 Tmut/Earth, in the
                  | books of Hinderance, Geomancy, and Alchemy.
  2743 | D:3      | quinnr: ??petrify[2
  2743 | D:3      | beem: petrify[2/5]: Player: Immune: gargoyles, Zin's
                  | Vitalisation, statue form or wisp form. Both: LRDable.
                  | Petrifying: 2x shatter dam b4.AC, 2/3 damage af.AC, half EV
                  | and 1.5x slow for 30 auts or until re-applied. Petrified:
                  | 4x shatter dam b4.AC, helpless(2-size) EV, 1/2 damage
                  | af.AC, nonliving, rTorment, rPois, rN+++, rRot+++ for
                  | 60+1d40 auts unextendable.
  2743 | D:3      | quinnr: ??lee's rapid
  2743 | D:3      | beem: I don't have a page labeled lee's_rapid in my
                  | learndb.
  2743 | D:3      | quinnr: ??rapid deconstruction
  2743 | D:3      | beem: lrd[1/2]: Lee's Rapid Deconstruction: Turns walls,
                  | doors, and arches into explosions. Causes lots of
                  | undodgeable damage to anything foolish enough to be near
                  | the wall (but AC is applied thrice). Prior to 0.22, could
                  | break walls and doors like {shatter}.
  2743 | D:3      | quinnr: ??rapid deconstruction[2
  2743 | D:3      | beem: lrd[2/2]: LRD also works on enemies with varying
                  | effectiveness. Regular enemies are untargetable, but
                  | statues, most golems, and anything petrified or made of
                  | metal, rock, ice or bone will be damaged and spray
                  | fragments of varying range/damage.
  2924 | D:3      | Reached XP level 5. HP: 33/33 MP: 8/8
  2962 | D:3      | Noticed a phantom
  2987 | D:3      | Killed a phantom
  3261 | D:4      | Noticed a phantom
  3262 | D:4      | Noticed a necrophage
  3270 | D:3      | Reached XP level 6. HP: 31/38 MP: 10/10
  3317 | D:3      | Killed a necrophage
  3318 | D:3      | Reached skill level 4 in Stealth
  3332 | D:3      | Reached skill level 5 in Stealth
  3793 | D:4      | Found Oluq's Antique Armour Emporium.
  3793 | D:4      | Noticed Ijyb
  3870 | D:4      | Reached skill level 6 in Stealth
  3870 | D:4      | Reached XP level 7. HP: 30/43 MP: 7/11
  4134 | D:4      | Learned a level 2 spell: Slow
  4142 | D:4      | Gained mutation: You evolve. [potion of mutation]
  4142 | D:4      | HP: 1/64 [acid (12)]
  4146 | D:4      | Splashed by Ijyb's acid

Illustrated notes

Levels and vault maps discovered:
D:1:      amcnicky_arrival_underground_garden, layout_basic, serial_shops,
          nicolae_shop_competitors_out_of_business
D:2:      layout_basic, basic_ecumenical_altar, supply_closet_lemuel,
          minmay_misc_feat_more_columns, minmay_close_crescents
D:3:      layout_basic, corexii_shack
D:4:      layout_rooms, serial_shops, nicolae_shop_overgrown_old_shop,
          roderic_malta_cross, uniq_ijyb

Skill      XL: |  1  2  3  4  5  6 |
---------------+-------------------+-----
Fighting       | 1 |  1.5
Slings         | 1 3 |  3.0
Stealth        | 3 6 |  6.0
Transmutations | 2 3 |  3.0
Dodging        | 3 |  3.0
Spellcasting   | 3 |  3.0
Unarmed Combat | |  0.8
Earth Magic    | |  3.0

Action                   |  1- 3 |  4- 6 |  7- 9 || total
-------------------------+-------+-------+-------++-------
Melee: Unarmed           |     6 |       |       ||     6
       Constrict         |     3 |       |       ||     3
       Tentacles         |     1 |       |       ||     1
 Fire: Hunting sling     |    99 |   154 |    10 ||   263
 Cast: Sandblast         |     9 |    19 |       ||    28
       Slow              |       |       |     1 ||     1
  Use: Scroll            |       |     1 |     5 ||     6
       Potion            |       |     1 |     2 ||     3
Armor: Skin              |     5 |     4 |     2 ||    11
Dodge: Dodged            |    31 |    88 |     7 ||   126

Table legend: (Time is in decaauts)
 A = Elapsed time spent in this place.
 B = Non-inter-level travel time spent in this place.
 C = Inter-level travel time spent in this place.
 D = Time resting spent in this place.
 E = Time spent auto-exploring this place.
 F = Levels seen in this place.
 G = Mean time per level.
                   A        B        C        D        E       F      G
               +--------+--------+--------+--------+--------+-----+--------+
         Total |   4172 |   3861 |    311 |    353 |   2736 |   4 | 1043.0 |
       Dungeon |   4172 |   3861 |    311 |    353 |   2736 |   4 | 1043.0 |
               +--------+--------+--------+--------+--------+-----+--------+

Top non-repeatable levels by time:
     D:1: 1379 daAuts
     D:3: 1041 daAuts
     D:2: 1012 daAuts
     D:4: 738 daAuts
